TOP OF THE 1ST |
Burlington Senators batting - Pitching for Raleigh-Durham Capitals : RHP Randall Evans
|
Pitching: RHP Randall Evans
|
|
Batting: LHB Daniel Spain
|
0-0: Ball 1-0: Ball 2-0: Ball 3-0: Called Strike 3-1: Swinging Strike 3-2: Ground out 6-3 (Groundball, 4MD, EV 105.0 MPH)
|
Batting: RHB Raymond Bresnahan
|
0-0: Foul Ball, location: 2F 0-1: Ball 1-1: Fly out, F8 (Flyball, 89M, EV 94.4 MPH)
|
Batting: RHB Rick Schu
|
0-0: SOLO HOME RUN (Flyball, 7D, EV 90.6 MPH), Distance : 381 ft
|
Batting: LHB John Skorochocki
|
0-0: Ball 1-0: Ground out 5-3 (Groundball, 56S, EV 72.5 MPH)
|
Top of the 1st over - 1 run, 1 hit, 0 errors, 0 left on base; Burlington 1 - Raleigh-Durham 0 |
BOTTOM OF THE 1ST |
Raleigh-Durham Capitals batting - Pitching for Burlington Senators : RHP Chuck Fore
|
Pitching: RHP Chuck Fore
|
|
Batting: RHB Luis Brito
|
0-0: Called Strike 0-1: Ball 1-1: Fly out, F8 (Flyball, 8RD, EV 103.1 MPH)
|
Batting: RHB Richard Ferchen
|
0-0: Ball 1-0: Called Strike 1-1: Ball 2-1: Foul Ball, location: 2F 2-2: Reached on error, E3 (Groundball, 34, EV 106.9 MPH)
|
Batting: LHB Clay Smith
|
0-0: Called Strike 0-1: Swinging Strike 0-2: Foul Ball, location: 2F 0-2: Ball 1-2: Fly out, F3 (Line Drive, 3, EV 65.6 MPH)
|
Batting: LHB Pat Castiglia
|
0-0: Fly out, F8 (Flyball, 8RD, EV 83.1 MPH)
|
Bottom of the 1st over - 0 runs, 0 hits, 1 error, 1 left on base; Burlington 1 - Raleigh-Durham 0 |
TOP OF THE 2ND |
Burlington Senators batting - Pitching for Raleigh-Durham Capitals : RHP Randall Evans
|
Batting: RHB Joseph Lorenz
|
0-0: Ball 1-0: Ground out 6-3 (Groundball, 6D, EV 101.3 MPH)
|
Batting: LHB Jesus Sandoval
|
0-0: Ball 1-0: SINGLE (Flyball, 9LS, EV 91.9 MPH)
|
Batting: RHB Glenn Millhauser
|
0-0: Called Strike 0-1: Ball 1-1: Grounds into double play, 6-4-3 (Groundball, 6M, EV 98.1 MPH)
|
Top of the 2nd over - 0 runs, 1 hit, 0 errors, 0 left on base; Burlington 1 - Raleigh-Durham 0 |
BOTTOM OF THE 2ND |
Raleigh-Durham Capitals batting - Pitching for Burlington Senators : RHP Chuck Fore
|
Batting: RHB Tony Camara
|
0-0: Ball 1-0: Ball 2-0: Foul Ball, location: 2F 2-1: Swinging Strike 2-2: SINGLE (Groundball, 56D, EV 99.4 MPH)
|
Batting: RHB Michael Wright
|
0-0: Fly out, F8 (Flyball, 8RXD, EV 96.3 MPH)
|
Batting: RHB Marshall Burk
|
0-0: Foul Ball, location: 2F 0-1: Called Strike 0-2: Strikes out swinging
|
Batting: LHB Donald Jamerson
|
0-0: Foul Ball, location: 2F 0-1: Ball 1-1: Ball 2-1: Foul Ball, location: 2F 2-2: Foul Ball, location: 2F 2-2: Ground out U3 (Groundball, 3L, EV 85.0 MPH)
|
Bottom of the 2nd over - 0 runs, 1 hit, 0 errors, 1 left on base; Burlington 1 - Raleigh-Durham 0 |
TOP OF THE 3RD |
Burlington Senators batting - Pitching for Raleigh-Durham Capitals : RHP Randall Evans
|
Batting: RHB Ronnie Mears
|
0-0: Called Strike 0-1: Called Strike 0-2: Ball 1-2: Ball 2-2: Ball 3-2: Foul Ball, location: 2F 3-2: Base on Balls
|
Batting: RHB Brad Bauman
|
0-0: Ball 1-0: Called Strike 1-1: Ball 2-1: Fly out, F3 (Popup, 3F, EV 68.8 MPH)
|
Batting: LHB Daniel Spain
|
0-0: Ball 1-0: Ball 2-0: Called Strike 2-1: Grounds into double play, 5-4-3 (Groundball, 56S, EV 91.3 MPH)
|
Top of the 3rd over - 0 runs, 0 hits, 0 errors, 0 left on base; Burlington 1 - Raleigh-Durham 0 |
BOTTOM OF THE 3RD |
Raleigh-Durham Capitals batting - Pitching for Burlington Senators : RHP Chuck Fore
|
Batting: RHB Jim Wessinger
|
0-0: Called Strike 0-1: Called Strike 0-2: Ball 1-2: Ball 2-2: Foul Ball, location: 2F 2-2: Ball 3-2: Foul Ball, location: 2F 3-2: Base on Balls
|
Batting: RHB Luis Brito
|
0-0: Ball 1-0: Ball 2-0: Foul Ball, location: 2F 2-1: Ball 3-1: Base on Balls Jim Wessinger to second
|
Batting: RHB Richard Ferchen
|
0-0: Called Strike 0-1: Ball 1-1: SINGLE (Line Drive, 8RS, EV 99.4 MPH) Jim Wessinger to third Luis Brito to second
|
Batting: LHB Clay Smith
|
0-0: Ball 1-0: Grounds into double play, 4-6-3 (Groundball, 4S, EV 85.6 MPH) Jim Wessinger scores Luis Brito to third
|
Batting: LHB Pat Castiglia
|
0-0: Fly out, F9 (Flyball, 89S, EV 85.6 MPH)
|
Bottom of the 3rd over - 1 run, 1 hit, 0 errors, 1 left on base; Burlington 1 - Raleigh-Durham 1 |
TOP OF THE 4TH |
Burlington Senators batting - Pitching for Raleigh-Durham Capitals : RHP Randall Evans
|
Batting: RHB Raymond Bresnahan
|
0-0: Ball 1-0: Reached on error, E4 (Groundball, 34, EV 110.0 MPH)
|
Batting: RHB Rick Schu
|
0-0: Ball 1-0: Called Strike 1-1: Ball 2-1: Ball 3-1: Called Strike 3-2: Base on Balls
|
Batting: LHB John Skorochocki
|
0-0: Called Strike 0-1: SINGLE (Line Drive, 4M, EV 99.4 MPH) Raymond Bresnahan to third Rick Schu to second
|
Batting: RHB Joseph Lorenz
|
0-0: Called Strike 0-1: Swinging Strike 0-2: Ball 1-2: Strikes out swinging
|
Batting: LHB Jesus Sandoval
|
0-0: Swinging Strike 0-1: Ball 1-1: Ball 2-1: Swinging Strike 2-2: Foul Ball, location: 2F 2-2: SINGLE (Flyball, 78S, EV 95.6 MPH) Raymond Bresnahan scores Rick Schu to third John Skorochocki to second Runner from 3rd tries for Home, SAFE, throw by LF to home
|
Batting: RHB Glenn Millhauser
|
0-0: Foul Ball, location: 2F 0-1: Called Strike 0-2: Ball 1-2: Grounds into double play, 5-4-3 (Groundball, 56S, EV 83.8 MPH)
|
Top of the 4th over - 2 runs, 2 hits, 1 error, 1 left on base; Burlington 3 - Raleigh-Durham 1 |
BOTTOM OF THE 4TH |
Raleigh-Durham Capitals batting - Pitching for Burlington Senators : RHP Chuck Fore
|
Batting: RHB Tony Camara
|
0-0: Ball 1-0: SINGLE (Popup, 56D, EV 43.1 MPH)
|
Batting: RHB Michael Wright
|
0-0: Fly out, F3 (Popup, 3S, EV 88.8 MPH)
|
Batting: RHB Marshall Burk
|
0-0: Ball 1-0: Foul Ball, location: 2F 1-1: Ball 2-1: Grounds out, U3 (Groundball, 3L, EV 84.4 MPH)
|
Batting: LHB Donald Jamerson
|
0-0: Ball 1-0: Swinging Strike 1-1: Swinging Strike 1-2: Strikes out swinging
|
Bottom of the 4th over - 0 runs, 1 hit, 0 errors, 1 left on base; Burlington 3 - Raleigh-Durham 1 |
TOP OF THE 5TH |
Burlington Senators batting - Pitching for Raleigh-Durham Capitals : RHP Randall Evans
|
Batting: RHB Ronnie Mears
|
0-0: Called Strike 0-1: Ball 1-1: Foul Ball, location: 2F 1-2: Fly out, F8 (Line Drive, 8RM, EV 90.0 MPH)
|
Batting: RHB Brad Bauman
|
0-0: Ball 1-0: Swinging Strike 1-1: Foul Ball, location: 2F 1-2: Strikes out swinging
|
Batting: LHB Daniel Spain
|
0-0: SINGLE (Groundball, 56D, EV 95.6 MPH)
|
Batting: RHB Raymond Bresnahan
|
0-0: Ball Daniel Spain steals 2nd base 1-0: Called Strike 1-1: Ball 2-1: Ball 3-1: Foul Ball, location: 2F 3-2: Strikes out swinging
|
Top of the 5th over - 0 runs, 1 hit, 0 errors, 1 left on base; Burlington 3 - Raleigh-Durham 1 |
BOTTOM OF THE 5TH |
Raleigh-Durham Capitals batting - Pitching for Burlington Senators : RHP Chuck Fore
|
Batting: RHB Jim Wessinger
|
0-0: Swinging Strike 0-1: Ball 1-1: Called Strike 1-2: Strikes out swinging
|
Batting: RHB Luis Brito
|
0-0: Ball 1-0: Called Strike 1-1: Ball 2-1: Swinging Strike 2-2: Foul Ball, location: 2F 2-2: Reached on error, E4 (Groundball, 4, EV 104.4 MPH)
|
Batting: RHB Richard Ferchen
|
0-0: Ball 1-0: Foul Ball, location: 2F 1-1: Ball 2-1: SINGLE (Groundball, 6MD, EV 103.1 MPH) Luis Brito to second Runner from 2nd tries for 3rd, SAFE, no throw by CF
|
Batting: LHB Clay Smith
|
0-0: Ball 1-0: Called Strike 1-1: DOUBLE (Groundball, 3L, EV 105.0 MPH) Luis Brito scores Richard Ferchen to third
|
Batting: LHB Pat Castiglia
|
0-0: Called Strike 0-1: Ball 1-1: Ball 2-1: Ball 3-1: SINGLE (Groundball, 34D, EV 95.6 MPH) Richard Ferchen scores Clay Smith to third Runner from 3rd tries for Home, SAFE, throw by RF to home
|
Batting: RHB Tony Camara
|
0-0: Foul Ball, location: 2F 0-1: Grounds into double play, 3-6-1 (Groundball, 34, EV 80.0 MPH)
|
Bottom of the 5th over - 3 runs, 3 hits, 1 error, 0 left on base; Burlington 3 - Raleigh-Durham 4 |
TOP OF THE 6TH |
Burlington Senators batting - Pitching for Raleigh-Durham Capitals : RHP Randall Evans
|
Batting: RHB Rick Schu
|
0-0: Called Strike 0-1: Foul Ball, location: 2F 0-2: Ball 1-2: Fly out, F8 (Flyball, 8RM, EV 80.0 MPH)
|
Batting: LHB John Skorochocki
|
0-0: Foul Ball, location: 2F 0-1: Foul Ball, location: 2F 0-2: Foul Ball, location: 2F 0-2: Strikes out looking
|
Batting: RHB Joseph Lorenz
|
0-0: SINGLE (Groundball, 25, EV 66.3 MPH) (infield hit)
|
Batting: LHB Jesus Sandoval
|
0-0: Ball 1-0: Foul Ball, location: 2F 1-1: Called Strike 1-2: Strikes out looking
|
Top of the 6th over - 0 runs, 1 hit, 0 errors, 1 left on base; Burlington 3 - Raleigh-Durham 4 |
BOTTOM OF THE 6TH |
Raleigh-Durham Capitals batting - Pitching for Burlington Senators : RHP Chuck Fore
|
Batting: RHB Michael Wright
|
0-0: Ball 1-0: Ball 2-0: Fly out, F7 (Flyball, 7S, EV 90.0 MPH)
|
Batting: RHB Marshall Burk
|
0-0: Ball 1-0: Swinging Strike 1-1: Foul Ball, location: 2F 1-2: Ground out 2-3 (Groundball, 13S, EV 68.8 MPH)
|
Batting: LHB Donald Jamerson
|
0-0: Ball 1-0: Foul Ball, location: 2F 1-1: Called Strike 1-2: Fly out, F5 (Line Drive, 5, EV 66.3 MPH)
|
Bottom of the 6th over - 0 runs, 0 hits, 0 errors, 0 left on base; Burlington 3 - Raleigh-Durham 4 |
TOP OF THE 7TH |
Burlington Senators batting - Pitching for Raleigh-Durham Capitals : RHP Randall Evans
|
Batting: RHB Glenn Millhauser
|
0-0: Foul Ball, location: 2F 0-1: Ball 1-1: Foul Ball, location: 2F 1-2: Ball 2-2: SINGLE (Line Drive, 5D, EV 103.1 MPH)
|
Batting: RHB Ronnie Mears
|
0-0: Sac Bunt to 13 - play at first, batter OUT! 1-4 Glenn Millhauser to second
|
Batting: RHB Brad Bauman
|
0-0: Ball 1-0: Swinging Strike 1-1: Ball 2-1: Ball 3-1: Base on Balls
|
Batting: LHB Daniel Spain
|
0-0: Called Strike 0-1: Ball 1-1: Foul Ball, location: 2F 1-2: Ball 2-2: Foul Ball, location: 2F 2-2: Ball 3-2: Fly out, F7 (Flyball, 7, EV 85.6 MPH)
|
Batting: RHB Raymond Bresnahan
|
0-0: Foul Ball, location: 2F 0-1: Fly out, F4 (Popup, 34S, EV 72.5 MPH)
|
Top of the 7th over - 0 runs, 1 hit, 0 errors, 2 left on base; Burlington 3 - Raleigh-Durham 4 |
BOTTOM OF THE 7TH |
Raleigh-Durham Capitals batting - Pitching for Burlington Senators : RHP Chuck Fore
|
Batting: RHB Jim Wessinger
|
0-0: SINGLE (Line Drive, 8RS, EV 98.8 MPH)
|
Batting: RHB Luis Brito
|
0-0: Called Strike 0-1: Fielders Choice at 2nd, 4-6 (Groundball, 4, EV 81.9 MPH)
|
Batting: RHB Richard Ferchen
|
0-0: Ball 1-0: Ball Luis Brito steals 2nd base 2-0: Foul Ball, location: 2F 2-1: Ground out 6-3 (Groundball, 6MS, EV 75.6 MPH) Luis Brito to third
|
Batting: LHB Clay Smith
|
0-0: Fly out, F7 (Flyball, 7LM, EV 97.5 MPH)
|
Bottom of the 7th over - 0 runs, 1 hit, 0 errors, 1 left on base; Burlington 3 - Raleigh-Durham 4 |
TOP OF THE 8TH |
Burlington Senators batting - Pitching for Raleigh-Durham Capitals : RHP Randall Evans
|
Batting: RHB Rick Schu
|
0-0: Ball 1-0: Ball 2-0: Called Strike 2-1: Ground out U3 (Groundball, 3L, EV 83.8 MPH)
|
Batting: LHB John Skorochocki
|
0-0: Ball 1-0: Called Strike 1-1: Ball 2-1: SINGLE (Line Drive, 8LM, EV 87.5 MPH)
|
Batting: RHB Joseph Lorenz
|
0-0: Called Strike 0-1: Ball 1-1: Foul Ball, location: 2F 1-2: Ball 2-2: Foul Ball, location: 2F 2-2: Grounds into double play, 6-4-3 (Groundball, 6, EV 101.9 MPH)
|
Top of the 8th over - 0 runs, 1 hit, 0 errors, 0 left on base; Burlington 3 - Raleigh-Durham 4 |
BOTTOM OF THE 8TH |
Raleigh-Durham Capitals batting - Pitching for Burlington Senators : RHP Chuck Fore
|
Batting: LHB Pat Castiglia
|
0-0: Ball 1-0: SINGLE (Flyball, 34D, EV 95.0 MPH)
|
Batting: RHB Tony Camara
|
0-0: Grounds into double play, 6-4-3 (Groundball, 6S, EV 87.5 MPH)
|
Batting: RHB Michael Wright
|
0-0: Foul Ball, location: 2F 0-1: Fly out, F9 (Flyball, 89S, EV 76.3 MPH)
|
Bottom of the 8th over - 0 runs, 1 hit, 0 errors, 0 left on base; Burlington 3 - Raleigh-Durham 4 |
TOP OF THE 9TH |
Burlington Senators batting - Pitching for Raleigh-Durham Capitals : RHP Randall Evans
|
Pitching: LHP Steven Manderfield
|
|
Pinch Hitting: RHB Richard Hertel
|
0-0: Foul Ball, location: 2F 0-1: Called Strike 0-2: Fly out, F7 (Flyball, 7LS, EV 90.6 MPH)
|
Batting: RHB Glenn Millhauser
|
0-0: Called Strike 0-1: Fly out, F9 (Flyball, 9D, EV 83.1 MPH)
|
Pinch Hitting: RHB Richard Hatcher
|
0-0: Foul Ball, location: 2F 0-1: Ball 1-1: Foul Ball, location: 2F 1-2: SINGLE (Groundball, 6S, EV 66.3 MPH) (infield hit)
|
Pinch Hitting: RHB James English
|
0-0: Called Strike 0-1: Ball 1-1: Ball 2-1: Called Strike 2-2: Foul Ball, location: 2F 2-2: Fly out, F7 (Flyball, 7LS, EV 81.9 MPH)
|
Top of the 9th over - 0 runs, 1 hit, 0 errors, 1 left on base; Burlington 3 - Raleigh-Durham 4 |
|